 Dungeon Crawl Stone Soup version 0.29-a0-1008-g949cc1d0fb (webtiles) character file.

Game seed: 16755673631277394977

332 Manisian the Caller (level 6, 0/33 HPs)
             Began as a Tengu Summoner on Aug 7, 2022.
             Slain by a sky beast (1 damage)
             ... on level 4 of the Dungeon.
             The game lasted 00:11:59 (4805 turns).

Manisian the Caller (Tengu Summoner)                Turns: 4805, Time: 00:12:00

Health: 0/33       AC:  3    Str:  8    XL:     6   Next: 52%
Magic:  4/12       EV: 19    Int: 17    God:
Gold:   222        SH:  0    Dex: 15    Spells: 3/12 levels left

rFire   . . .      SeeInvis .   q - +3 dagger (drain)
rCold   . . .      Faith    .   (no shield)
rNeg    . . .      Spirit   .   a - +1 robe
rPois   .          Reflect  .   (helmet restricted)
rElec   .          Harm     .   (no cloak)
rCorr   .          Rampage  .   (no gloves)
Will    .....                   (boots unavailable)
Stlth   ++........              (no amulet)
HPRegen 0.11/turn               o - +4 ring of evasion
MPRegen 0.13/turn               (no ring)

@: flying quickly and evasively, quick
A: beak, talons 3, nimble flight
a: no special abilities


You were on level 4 of the Dungeon.
You visited 1 branch of the dungeon, and saw 4 of its levels.
You also visited: Sewer.

You collected 222 gold pieces.

Inventory:

Hand Weapons
 m - a +0 dagger
 q - a +3 dagger of draining (weapon)
Armour
 a - a +1 robe (worn)
Magical Staves
 h - a staff of cold
Jewellery
 e - an amulet of faith
 o - a +4 ring of evasion (left hand)
Scrolls
 c - a scroll of immolation
 f - a scroll of vulnerability
 j - a scroll of silence
 n - 4 scrolls of blinking
Potions
 b - 3 potions of magic
 d - 4 potions of lignification
 g - 4 potions of curing
 i - 3 potions of heal wounds
 k - 2 potions of attraction {unknown}
 l - a potion of invisibility {unknown}
 p - a potion of berserk rage {unknown}
 s - 2 potions of mutation {unknown}
 u - a potion of brilliance {unknown}
 z - a potion of might {unknown}
 A - a potion of flight {unknown}


   Skills:
 + Level 0.6 Fighting
 - Level 0.1 Short Blades
 + Level 3.0 Dodging
 + Level 3.1 Stealth
 + Level 3.9 Spellcasting
 + Level 6.9 Summonings


You had 3 spell levels left.
You knew the following spells:

 Your Spells              Type           Power      Damage    Failure   Level
a - Summon Small Mammal   Summ           100%       N/A       1%          1
b - Call Imp              Summ           26%        N/A       1%          2
c - Call Canine Familiar  Summ           26%        N/A       2%          3
d - Summon Guardian Gole  Hex/Summ       15%        N/A       12%         3

Your spell library contained the following spells:

 Spells                   Type           Power      Damage    Failure   Level
 Apportation              Tloc           6%         N/A       16%         1
 Foxfire                  Conj/Fire      12%        2x1d4     16%         1
 Necrotise                Necr           12%        1d4       16%         1
 Ensorcelled Hibernation  Hex/Ice        6%         N/A       24%         2
 Conjure Flame            Conj/Fire      3%         6-21      43%         3
 Inner Flame              Hex/Fire       3%         N/A       43%         3
 Spider Form              Tmut/Pois      3%         N/A       43%         3
 Summon Lightning Spire   Summ/Air       15%        N/A       36%         4
 Anguish                  Hex/Necr       1%         N/A       83%         4
 Flame Wave               Conj/Fire      3%         2d5       85%         4


Dungeon Overview and Level Annotations

Branches:
Dungeon (4/15)              Sewer (visited)
 Temple: D:4-7

Altars:
Dithmenos


Innate Abilities, Weirdness & Mutations

You have a beak for a mouth.
You have claws for feet.
Your magical nature lets you fly swiftly and evasively.


Message History

You hit the sky beast. Your kick misses the sky beast. You peck the sky beast.
The sky beast is heavily wounded.
Your bat hits the sky beast.
Your bat closely misses the sky beast.
The iguana barely misses your bat.
The sky beast flickers out of sight!
Deactivating autopickup; reactivate with Ctrl-A.
Something hits you. Something shocks you.
Your hound barely misses the iguana.
You hit something but do no damage. You claw something.
Your bat hits something but does no damage.
Your hound bites the iguana but does no damage.
Something hits you. Something shocks you.
Your rat barely misses the iguana.
You closely miss something. Your kick misses something.
Your bat hits something. The iguana closely misses your rat.
Something hits you. Something shocks you.
* * * LOW HITPOINT WARNING * * *
Your rat barely misses something.
Your hound bites the iguana.
You miss something. Your kick misses something.
Your hound bites the iguana.
The iguana bites your rat!
Your rat dies!
Your rat's corpse disappears in a puff of smoke!
Something hits you.
* * * LOW HITPOINT WARNING * * *
Something shocks you.
* * * LOW HITPOINT WARNING * * *
Your bat hits something but does no damage.
Your bat hits something but does no damage.
Your hound barely misses the iguana.
Your bat closely misses something.
Your hound bites the iguana.
Your hound closely misses the iguana.
Your bat barely misses something.
Something hits your bat. Something shocks your bat.
Your bat dies!
Your bat's corpse disappears in a puff of smoke!
Your hound bites the iguana.
The iguana dies!
Casting: Summon Small Mammal (safe; 1% risk of failure)
Confirm with . or Enter, or press ? or * to list all spells.
The spell is quite dangerous to miscast (12% risk of failure)!
Continue anyway?
A guardian golem appears, shielding your allies.
Your hound closely misses something.
Something hits you.
You die...

.######........
#.#..##.# .#
####........
#.#..##.. .#
#........### #.#..#
.###........# #.#..#
.#..........# #
'#..........# #
............########
#
.....######........#
.
....###.........@..+
# ....#
#.###.....{..# .
....# #.#
#.....h9.### ###
....# #.#
#............ ..
....# #.#
#.###......... .#
....# #.# #.#
#.........# .. #####
#.# #.# #........##
# # #.# #.#
#.......... .
#######.# #.#
#.........# .##.#


You could see a friendly guardian golem (summoned) and a friendly hound
(summoned, sheltered).

Vanquished Creatures
  Pargi (Sewer)
  5 adders
  A dart slug (D:2)
  2 orcs
  9 ball pythons
  An endoplasm (D:3)
  A giant cockroach (D:3)
  2 hobgoblins
  A kobold (D:3)
  2 quokkas
  4 bats
  6 frilled lizards
  5 goblins
  2 rats (D:3)
42 creatures vanquished.

Vanquished Creatures (collateral kills)
  A phantom (D:4)
  An iguana (D:4)
  An adder (D:2)
  A worm (D:2)
  7 ball pythons
  3 endoplasms
  5 giant cockroaches
  3 goblins (D:1)
  4 hobgoblins (D:1)
  A quokka (D:1)
  4 bats
  4 frilled lizards
  2 kobolds
  2 rats
39 creatures vanquished.

Grand Total: 81 creatures vanquished

Notes
Turn   | Place    | Note
-------+----------+-------------------------------------------
     0 | D:1      | Manisian the Tengu Summoner began the quest for the Orb.
     0 | D:1      | Reached XP level 1. HP: 10/10 MP: 4/4
    17 | D:1      | Reached skill level 5 in Summonings
   232 | D:1      | Reached XP level 2. HP: 15/15 MP: 3/6
   235 | D:1      | Learned a level 2 spell: Call Imp
   854 | D:1      | Reached XP level 3. HP: 19/19 MP: 5/7
   858 | D:1      | Learned a level 3 spell: Call Canine Familiar
  1962 | D:2      | Reached XP level 4. HP: 20/24 MP: 1/9
  2665 | D:2      | Reached skill level 6 in Summonings
  3147 | D:3      | Gained mutation: Your magical nature lets you fly swiftly
                  | and evasively. [Tengu growth]
  3147 | D:3      | Reached XP level 5. HP: 28/28 MP: 6/10
  3170 | D:3      | Found a glowing drain.
  3174 | Sewer    | Entered a sewer
  3179 | Sewer    | Learned a level 3 spell: Summon Guardian Golem
  3271 | Sewer    | Noticed Pargi
  3316 | Sewer    | Killed Pargi
  3880 | D:3      | Found a shadowy altar of Dithmenos.
  4167 | D:4      | Reached XP level 6. HP: 33/33 MP: 12/12
  4346 | D:4      | Noticed a sky beast
  4799 | D:4      | HP: 1/33 [something (5)]
  4805 | D:4      | Slain by a sky beast

Illustrated notes

Levels and vault maps discovered:
D:1:      pf_arrival_petrified_forest, layout_basic, minmay_tree_intersection,
          minmay_octomino_c4
D:2:      layout_rooms
D:3:      layout_rooms, lemuel_coloured_pillars_altar, gup_sewer_entry_spiral
D:4:      layout_basic

Skill      XL: |  1  2  3  4  5  6 |
---------------+-------------------+-----
Summonings     | 5 6 |  6.9
Spellcasting   | 3 |  3.9
Dodging        | 3 |  3.0
Stealth        | 3 |  3.1
Fighting       | |  0.6
Short Blades   | |  0.1

Action                   |  1- 3 |  4- 6 || total
-------------------------+-------+-------++-------
Melee: Dagger            |    39 |    76 ||   115
       Kick              |     8 |    18 ||    26
       Unarmed           |     1 |       ||     1
       Peck              |     5 |    10 ||    15
 Cast: Summon Small Mamm |    38 |    19 ||    57
       Call Imp          |     5 |     5 ||    10
       Call Canine Famil |     4 |     5 ||     9
       Summon Guardian G |       |     1 ||     1
  Use: Scroll            |       |    14 ||    14
 Stab: Distracted        |     1 |       ||     1
       Sleeping          |       |     5 ||     5
Armor: Robe              |    22 |    13 ||    35
Dodge: Dodged            |    49 |    58 ||   107

Table legend: (Time is in decaauts)
 A = Elapsed time spent in this place.
 B = Non-inter-level travel time spent in this place.
 C = Inter-level travel time spent in this place.
 D = Time resting spent in this place.
 E = Time spent auto-exploring this place.
 F = Levels seen in this place.
 G = Mean time per level.
                   A        B        C        D        E       F      G
               +--------+--------+--------+--------+--------+-----+--------+
         Total |   4726 |   4571 |    155 |     22 |   3658 |   5 |  945.2 |
       Dungeon |   4358 |   4203 |    155 |      0 |   3418 |   4 | 1089.5 |
         Sewer |    368 |    368 |      0 |     22 |    240 |   1 |  368.0 |
               +--------+--------+--------+--------+--------+-----+--------+

Top non-repeatable levels by time:
     D:1: 1543 daAuts
     D:2: 1192 daAuts
     D:3: 883 daAuts
     D:4: 738 daAuts
   Sewer: 368 daAuts
